AoeStats
← Morgan Wyrd

Arabia

510251437Analyzed
1v1 RM · 1d ago on Sep 30, 2026· 47m 29s· 2 players
Game mode
Random Map
Map size
Tiny (2 player)
Population
200
Speed
Normal
Resources
Standard
Victory
Conquest
Starting age
Dark Age
Ending age
Imperial Age
RankedLock teamsTeams togetherTeam positionsShared explorationLock speedFull tech treeHidden civsTurbo modeCheats
Victory
Defeat
🇺🇸 Magyars · United States
826
+17
🇻🇳 Koreans · Vietnam
845
-17
Morgan Wyrd
7:19 Loom
9:36 Feudal Age
11:40 Double-Bit Axe
20:00 Wheelbarrow
23:40 Castle Age
21:48 Gold Mining
21:41 Horse Collar
21:56 Fletching
22:42 Padded Archer Armor
24:42 Bow Saw
25:26 Gold Shaft Mining
25:37 Hand Cart
27:47 Heavy Plow
28:00 Husbandry
28:11 Bloodlines
27:21 Light Cavalry
28:43 Bodkin Arrow
31:50 Ballistics
34:09 Thumb Ring
34:14 Scale Barding Armor
35:42 Murder Holes
37:29 Corvinian Army
40:41 Imperial Age
38:00 Town Watch
39:34 Corvinian Army
41:26 Chain Barding Armor
41:21 Leather Archer Armor
41:51 Conscription
42:48 Stone Mining
43:31 Recurve Bow
43:59 Elite Magyar Huszar
45:19 Parthian Tactics
45:16 Leather Archer Armor
45:06 Heavy Cavalry Archer
gWAT
6:47 Loom
10:16 Feudal Age
11:08 Arson
12:07 Double-Bit Axe
12:04 Horse Collar
20:37 Castle Age
19:05 Stone Mining
19:47 Gold Mining
21:31 Pikeman
31:14 Bow Saw
36:00 Elite Skirmisher
37:02 Heavy Plow
40:15 Ballistics
39:51 Fletching
40:14 Forging
40:04 Scale Mail Armor
41:09 Bodkin Arrow
44:14 Imperial Age
44:11 Thumb Ring
44:40 Squires
45:48 Bracer
Connection lost

Rejoining the realm…

Still unreachable

The connection could not be restored.

Session expired

The server has moved on; the page needs a fresh start.